Pick #1

Connor Bedard
Pick #2

Leo Carlsson
Pick #3

Adam Fantilli
Pick #4

Matvei Michkov
Pick #5

David Reinbacher
Pick #6

William Smith
Pick #7

Zachary Benson
Pick #8

Ryan Leonard
Pick #9

Gabriel Perreault
Pick #10

Axel Sandin-Pellika
Pick #11

Daniil But
Pick #12

Dalibor Dvorsky
Pick #13

Quentin Musty
Pick #14

Brayden Yager
Pick #15

Dmitry Simashev
Pick #16

Colby Barlow
Pick #17

Andrew Cristall
Pick #18

Easton Cowan
Pick #19

Jacob Fowler
Pick #20

Oliver Moore
Pick #21

Oliver Bonk
Pick #22

Tom Willander
Pick #23

Calum Ritchie
Pick #24

Tanner Molendyk
Pick #25

Gavin Brindley
Pick #26

Nate Danielson
Pick #27

Pick #28

Pick #29

Pick #30

Pick #31

Pick #32

Pick #33

Pick #34

Pick #35

Pick #36

Pick #37

Pick #38

Pick #39

Pick #40

Pick #41

Pick #42

Pick #43

Pick #44

Pick #45

Pick #46

Pick #47

Pick #48

Pick #49

Pick #50

Pick #51

Pick #52

Pick #53

Pick #54

Pick #55

Pick #56

Pick #57

Pick #58

Pick #59

Pick #60

Pick #61

Pick #62

Pick #63

Pick #64

Pick #65

Pick #66

Pick #67

Pick #68

Pick #69

Pick #70

Pick #71

Pick #72

Pick #73

Pick #74

Pick #75

Pick #76

Pick #77

Pick #78

Pick #79

Pick #80

Pick #81

Pick #82

Pick #83

Pick #84

Pick #85

Pick #86

Pick #87

Pick #88

Pick #89

Pick #90

Pick #91

Pick #92

Pick #93

Pick #94

Pick #95

Pick #96

Pick #97

Pick #98

Pick #99

Pick #100

Pick #101

Pick #102

Pick #103

Pick #104

Pick #105

Pick #106

Pick #107

Pick #108

Pick #109

Pick #110

Pick #111

Pick #112

Pick #113

Pick #114

Pick #115

Pick #116

Pick #117

Pick #118

Pick #119

Pick #120

Pick #121

Pick #122

Pick #123

Pick #124

Pick #125

Pick #126

Pick #127

Pick #128

Pick #129

Pick #130

Full Scoreboard »»

Jets vs Oilers

Created - January 25, 2024 at 05:24

Goals
1 2 3 T
Jets 1 0 1 2
Oilers 2 1 0 3
Shots
1 2 3 T
Jets 7 9 8 24
Oilers 16 8 6 30

GoalsPenalties
1st period
1. Jets , Andre Burakovsky 11 (Oliver Bjorkstrand 13, Nick Schmaltz 20) at 5:11
2. Oilers , Scott Mayfield 1 (Dylan Strome 17, Brandon Hagel 18) at 11:07
3. Oilers , Brandon Hagel 18 (Brock Boeser 16, Scott Mayfield 2) at 15:57
No Penalty
2nd period
4. Oilers , Josh Bailey 7 (Casey Cizikas 1) at 17:00
Dylan Strome (EDM) for Slashing (Minor) at 0:38
Casey Cizikas (EDM) for Tripping (Minor) at 6:23
Scott Mayfield (EDM) for Diving (Minor) at 17:07
3rd period
5. Jets , Nick Schmaltz 12 (Dmitry Orlov 19, Hampus Lindholm 27) at 1:47
Justin Barron (WPG) for Boarding (Minor) at 12:34
Goalie Stats
Darcy Kuemper (WPG), 27 saves from 30 shots - (0.900), L, 17-8-6, 59:01 minutes
Jack Campbell (EDM), 22 saves from 24 shots - (0.917), W, 12-11-3, 60:00 minutes
3 StarsOfficial
1 - Brandon Hagel (EDM)
2 - Scott Mayfield (EDM)
3 - Nick Schmaltz (WPG)
Referees : Mike Sheehan and Francis Charron
Linesman : Julien Fournier and Ryan Gibbons
Game Note
No Game Note
Finance
Level 1 -- Attendance: 5861 (90.17%) -- Ticket Income $715,042
Level 2 -- Attendance: 4273 (85.46%) -- Ticket Income $401,662
Level 3 -- Attendance: 2577 (73.63%) -- Ticket Income $193,275
Level 4 -- Attendance: 839 (100.00%) -- Ticket Income $61,247
Luxury Box -- Attendance: 1000 (100.00%) -- Ticket Income $232,000
Game was played at the Rexall Place.
Total Attendance: 14550 (86.41%)
Total Ticket Income: $1,603,226
Other Income: $400,806
Total Income: $2,004,032



Team Name Goals Shots Shots Attemp Shots Blocked PIM HIT PP PK FO%
Jets 2245692170 / 3 (0%)050%
Oilers 3305976230 / 1 (0%)050%

Jets
Player Name POS G A P +/- PIM HIT SHT SB MP PP MP PP SHT PK MP PK SHT FO% FOT
Andre BurakovskyLW1012004020:503:0610:0000% 1
Andreas AthanasiouC000-2000012:240:0000:43063% 8
Connor MurphyD0000030119:150:0000:4900% 0
Darren HelmC000000008:300:0000:0000% 0
Dmitry OrlovD0110030224:292:4801:1000% 0
Garnet HathawayRW000-2031011:410:0000:0000% 1
Gustav NyquistC000-1013118:162:5111:16040% 20
Hampus LindholmD0110012124:503:0901:1000% 0
Joe VelenoC000000008:300:0000:000100% 1
Justin BarronD000-1210013:060:0000:0000% 0
Mark JankowskiC000002109:130:0000:43064% 11
Nate SchmidtD000-1002115:552:4820:0000% 0
Nick SchmaltzC1122004020:503:0610:00048% 27
Oliver BjorkstrandRW0112000119:502:5100:00050% 2
Reilly SmithRW000-1005019:163:0611:16033% 3
Thomas NovakC000-2000011:410:0000:000100% 1
Torey KrugD0000021122:243:0900:4910% 0
Victor OlofssonLW000-1011117:002:5100:000100% 1
Oilers
Player Name POS G A P +/- PIM HIT SHT SB MP PP MP PP SHT PK MP PK SHT FO% FOT
Alexander BarabanovLW0000000013:000:0002:5000% 0
Brandon HagelLW1122021016:040:4400:160100% 1
Brock BoeserRW0112004015:480:4400:0000% 0
Casey CizikasC0110230012:320:0001:38033% 18
Cole PerfettiC0000001015:541:1500:00067% 3
Dylan StromeC0112205016:250:4600:36156% 16
Jakob SilfverbergRW000-1002015:020:0002:510100% 1
Jakub VoracekRW000-1011011:260:0000:000100% 1
Jamie DrysdaleD000-1002219:370:4402:1600% 0
Josh BaileyRW1010003011:251:1500:0000% 0
Mattias SamuelssonD000-1050020:220:4402:1600% 0
Ondrej PalatLW0000021016:391:1500:00050% 2
Paul StastnyC000-1001015:380:2903:43045% 20
Ryan JohansenC0000004015:230:4400:00057% 14
Ryan PulockD000-1030324:191:1503:4100% 0
Scott MayfieldD1123204115:180:0000:0000% 0
Troy StecherD0003030015:190:0000:0000% 0
Vladislav GavrikovD000-1041123:490:0003:4100% 0



Play-by-Play

1st period


0:01 of 1st period - Nick Schmaltz wins face-off versus Dylan Strome in neutral zone.
0:09 of 1st period - Andre Burakovsky is hit by Vladislav Gavrikov and loses puck.
0:18 of 1st period - Shot by Brock Boeser.
0:18 of 1st period - Stopped by Darcy Kuemper with a rebound.
0:20 of 1st period - Shot by Dylan Strome.
0:20 of 1st period - Stopped by Darcy Kuemper without a rebound.
0:21 of 1st period - Ryan Johansen wins face-off versus Gustav Nyquist in Jets zone.
0:21 of 1st period - Ryan Johansen is hit by Connor Murphy.
0:42 of 1st period - Shot by Victor Olofsson.
0:42 of 1st period - Stopped by Jack Campbell without a rebound.
0:43 of 1st period - Andreas Athanasiou wins face-off versus Casey Cizikas in Oilers zone.
1:00 of 1st period - Shot by Garnet Hathaway.
1:00 of 1st period - Stopped by Jack Campbell without a rebound.
1:01 of 1st period - Jakob Silfverberg wins face-off versus Mark Jankowski in Oilers zone.
1:19 of 1st period - Darren Helm is hit by Ryan Pulock and loses puck.
1:29 of 1st period - Darren Helm is hit by Vladislav Gavrikov and loses puck.
3:06 of 1st period - Dylan Strome is hit by Justin Barron and loses puck.
4:34 of 1st period - Off-side.
4:35 of 1st period - Paul Stastny wins face-off versus Nick Schmaltz in neutral zone.
4:57 of 1st period - Connor Murphy is hit by Vladislav Gavrikov.
5:09 of 1st period - Shot by Oliver Bjorkstrand.
5:09 of 1st period - Deflect By Andre Burakovsky.
5:09 of 1st period - Shot Misses the Net.
5:11 of 1st period - Shot by Andre Burakovsky.
5:11 of 1st period - Goal by Andre Burakovsky - Jets : 1 - Oilers : 0.
5:12 of 1st period - Ryan Johansen wins face-off versus Gustav Nyquist in neutral zone.
5:15 of 1st period - Gustav Nyquist is hit by Ondrej Palat.
5:31 of 1st period - Shot by Ondrej Palat.
5:31 of 1st period - Shot Misses the Net.
5:40 of 1st period - Icing by Nate Schmidt.
5:41 of 1st period - Casey Cizikas wins face-off versus Gustav Nyquist in Jets zone.
5:54 of 1st period - Shot by Victor Olofsson.
5:54 of 1st period - Shot Misses the Net.
6:02 of 1st period - Shot by Jamie Drysdale.
6:02 of 1st period - Stopped by Darcy Kuemper without a rebound.
6:03 of 1st period - Dylan Strome wins face-off versus Nick Schmaltz in Jets zone.
6:14 of 1st period - Shot by Brock Boeser.
6:14 of 1st period - Shot Misses the Net.
8:10 of 1st period - Off-side.
8:11 of 1st period - Casey Cizikas wins face-off versus Mark Jankowski in neutral zone.
8:22 of 1st period - Mattias Samuelsson is hit by Mark Jankowski and loses puck.
9:31 of 1st period - Shot by Cole Perfetti.
9:31 of 1st period - Shot Blocked by Hampus Lindholm.
9:33 of 1st period - Shot by Vladislav Gavrikov.
9:33 of 1st period - Stopped by Darcy Kuemper without a rebound.
9:34 of 1st period - Paul Stastny wins face-off versus Gustav Nyquist in Jets zone.
9:34 of 1st period - Paul Stastny is hit by Connor Murphy.
10:03 of 1st period - Victor Olofsson is hit by Vladislav Gavrikov and loses puck.
10:14 of 1st period - Shot by Reilly Smith.
10:14 of 1st period - Stopped by Jack Campbell without a rebound.
10:15 of 1st period - Ondrej Palat wins face-off versus Nick Schmaltz in Oilers zone.
10:19 of 1st period - Off-side.
10:20 of 1st period - Ryan Johansen wins face-off versus Nick Schmaltz in neutral zone.
10:23 of 1st period - Shot by Jamie Drysdale.
10:23 of 1st period - Stopped by Darcy Kuemper without a rebound.
10:24 of 1st period - Oliver Bjorkstrand wins face-off versus Ryan Johansen in Jets zone.
10:37 of 1st period - Shot by Ondrej Palat.
10:37 of 1st period - Stopped by Darcy Kuemper without a rebound.
10:38 of 1st period - Andreas Athanasiou wins face-off versus Dylan Strome in Jets zone.
10:38 of 1st period - Connor Murphy is hit by Brandon Hagel and loses puck.
11:01 of 1st period - Shot by Brandon Hagel.
11:01 of 1st period - Deflect By Dylan Strome.
11:01 of 1st period - Shot Misses the Net.
11:03 of 1st period - Shot by Scott Mayfield.
11:03 of 1st period - Shot Misses the Net.
11:05 of 1st period - Shot by Dylan Strome.
11:05 of 1st period - Shot Misses the Net.
11:07 of 1st period - Shot by Scott Mayfield.
11:07 of 1st period - Goal by Scott Mayfield - Jets : 1 - Oilers : 1.
11:08 of 1st period - Gustav Nyquist wins face-off versus Ryan Johansen in neutral zone.
11:17 of 1st period - Shot by Reilly Smith.
11:17 of 1st period - Stopped by Jack Campbell without a rebound.
11:18 of 1st period - Nick Schmaltz wins face-off versus Casey Cizikas in Oilers zone.
11:25 of 1st period - Shot by Andre Burakovsky.
11:25 of 1st period - Stopped by Jack Campbell with a rebound.
11:35 of 1st period - Icing by Hampus Lindholm.
11:36 of 1st period - Nick Schmaltz wins face-off versus Ryan Johansen in Jets zone.
11:43 of 1st period - Shot by Cole Perfetti.
11:43 of 1st period - Shot Misses the Net.
11:49 of 1st period - Shot by Ondrej Palat.
11:49 of 1st period - Shot Blocked by Dmitry Orlov.
11:55 of 1st period - Shot by Cole Perfetti.
11:55 of 1st period - Stopped by Darcy Kuemper without a rebound.
11:56 of 1st period - Gustav Nyquist wins face-off versus Paul Stastny in Jets zone.
13:23 of 1st period - Cole Perfetti is hit by Dmitry Orlov and loses puck.
13:50 of 1st period - Shot by Ondrej Palat.
13:50 of 1st period - Shot Misses the Net.
14:42 of 1st period - Shot by Brock Boeser.
14:42 of 1st period - Shot Misses the Net.
14:44 of 1st period - Shot by Dylan Strome.
14:44 of 1st period - Shot Misses the Net.
14:46 of 1st period - Shot by Scott Mayfield.
14:46 of 1st period - Stopped by Darcy Kuemper without a rebound.
14:47 of 1st period - Mark Jankowski wins face-off versus Casey Cizikas in Jets zone.
15:13 of 1st period - Shot by Josh Bailey.
15:13 of 1st period - Stopped by Darcy Kuemper without a rebound.
15:14 of 1st period - Dylan Strome wins face-off versus Gustav Nyquist in Jets zone.
15:36 of 1st period - Dmitry Orlov is hit by Troy Stecher and loses puck.
15:55 of 1st period - Shot by Brock Boeser.
15:55 of 1st period - Shot Misses the Net.
15:57 of 1st period - Shot by Brandon Hagel.
15:57 of 1st period - Goal by Brandon Hagel - Jets : 1 - Oilers : 2.
15:58 of 1st period - Nick Schmaltz wins face-off versus Casey Cizikas in neutral zone.
16:28 of 1st period - Shot by Andre Burakovsky.
16:28 of 1st period - Stopped by Jack Campbell without a rebound.
16:29 of 1st period - Mark Jankowski wins face-off versus Ryan Johansen in Oilers zone.
16:30 of 1st period - Shot by Joe Veleno.
16:30 of 1st period - Shot Misses the Net.
17:32 of 1st period - Shot by Dylan Strome.
17:32 of 1st period - Stopped by Darcy Kuemper without a rebound.
17:33 of 1st period - Jakub Voracek wins face-off versus Gustav Nyquist in Jets zone.
17:38 of 1st period - Shot by Paul Stastny.
17:38 of 1st period - Stopped by Darcy Kuemper without a rebound.
17:39 of 1st period - Nick Schmaltz wins face-off versus Dylan Strome in Jets zone.
17:41 of 1st period - Icing by Hampus Lindholm.
17:42 of 1st period - Brandon Hagel wins face-off versus Nick Schmaltz in Jets zone.
17:42 of 1st period - Brandon Hagel is hit by Dmitry Orlov.
17:52 of 1st period - Shot by Brock Boeser.
17:52 of 1st period - Stopped by Darcy Kuemper without a rebound.
17:53 of 1st period - Gustav Nyquist wins face-off versus Casey Cizikas in Jets zone.
18:14 of 1st period - Shot by Ryan Pulock.
18:14 of 1st period - Shot Misses the Net.
18:20 of 1st period - Shot by Vladislav Gavrikov.
18:20 of 1st period - Shot Blocked by Dmitry Orlov.
18:22 of 1st period - Shot by Josh Bailey.
18:22 of 1st period - Stopped by Darcy Kuemper without a rebound.
18:23 of 1st period - Dylan Strome wins face-off versus Nick Schmaltz in Jets zone.
18:28 of 1st period - Shot by Brock Boeser.
18:28 of 1st period - Shot Misses the Net.
18:54 of 1st period - Shot by Brock Boeser.
18:54 of 1st period - Shot Blocked by Connor Murphy.
19:04 of 1st period - Shot by Scott Mayfield.
19:04 of 1st period - Stopped by Darcy Kuemper without a rebound.
19:05 of 1st period - Andreas Athanasiou wins face-off versus Paul Stastny in Jets zone.
19:41 of 1st period - Thomas Novak is hit by Mattias Samuelsson.
Goals for this period are 1 for Jets vs 2 for Oilers.
Shots for this period are 7 for Jets vs 16 for Oilers.

2nd period


0:01 of 2nd period - Cole Perfetti wins face-off versus Gustav Nyquist in neutral zone.
0:04 of 2nd period - Shot by Ryan Johansen.
0:04 of 2nd period - Shot Misses the Net.
0:06 of 2nd period - Shot by Ryan Johansen.
0:06 of 2nd period - Shot Blocked by Victor Olofsson.
0:10 of 2nd period - Shot by Ondrej Palat.
0:10 of 2nd period - Shot Blocked by Gustav Nyquist.
0:24 of 2nd period - Shot by Cole Perfetti.
0:24 of 2nd period - Shot Misses the Net.
0:26 of 2nd period - Shot by Ryan Johansen.
0:26 of 2nd period - Stopped by Darcy Kuemper without a rebound.
0:27 of 2nd period - Dylan Strome wins face-off versus Oliver Bjorkstrand in Jets zone.
0:38 of 2nd period - Minor Penalty to Dylan Strome for Slashing.
0:39 of 2nd period - Casey Cizikas wins face-off versus Andre Burakovsky in Oilers zone.
0:52 of 2nd period - Shot by Andre Burakovsky.
0:52 of 2nd period - Shot Misses the Net.
1:48 of 2nd period - Shot by Oliver Bjorkstrand.
1:48 of 2nd period - Shot Misses the Net.
1:50 of 2nd period - Shot by Oliver Bjorkstrand.
1:50 of 2nd period - Shot Misses the Net.
2:34 of 2nd period - Shot by Andre Burakovsky.
2:34 of 2nd period - Stopped by Jack Campbell without a rebound.
2:35 of 2nd period - Nick Schmaltz wins face-off versus Paul Stastny in Oilers zone.
3:05 of 2nd period - Connor Murphy is hit by Ondrej Palat and loses puck.
3:51 of 2nd period - Shot by Andreas Athanasiou.
3:51 of 2nd period - Shot Misses the Net.
3:53 of 2nd period - Shot by Hampus Lindholm.
3:53 of 2nd period - Shot Blocked by Scott Mayfield.
4:59 of 2nd period - Shot by Brandon Hagel.
4:59 of 2nd period - Shot Blocked by Torey Krug.
5:13 of 2nd period - Shot by Victor Olofsson.
5:13 of 2nd period - Shot Misses the Net.
5:15 of 2nd period - Shot by Reilly Smith.
5:15 of 2nd period - Shot Blocked by Ryan Pulock.
5:17 of 2nd period - Shot by Gustav Nyquist.
5:17 of 2nd period - Shot Misses the Net.
5:19 of 2nd period - Shot by Reilly Smith.
5:19 of 2nd period - Stopped by Jack Campbell without a rebound.
5:20 of 2nd period - Mark Jankowski wins face-off versus Casey Cizikas in Oilers zone.
5:26 of 2nd period - Darren Helm is hit by Mattias Samuelsson and loses puck.
5:33 of 2nd period - Shot by Hampus Lindholm.
5:33 of 2nd period - Stopped by Jack Campbell without a rebound.
5:34 of 2nd period - Paul Stastny wins face-off versus Andreas Athanasiou in Oilers zone.
5:51 of 2nd period - Shot by Jakob Silfverberg.
5:51 of 2nd period - Stopped by Darcy Kuemper without a rebound.
5:52 of 2nd period - Nick Schmaltz wins face-off versus Casey Cizikas in Jets zone.
5:52 of 2nd period - Nick Schmaltz is hit by Casey Cizikas.
6:00 of 2nd period - Shot by Oliver Bjorkstrand.
6:00 of 2nd period - Deflect By Nick Schmaltz.
6:00 of 2nd period - Shot Misses the Net.
6:05 of 2nd period - Nick Schmaltz is hit by Mattias Samuelsson and loses puck.
6:23 of 2nd period - Minor Penalty to Casey Cizikas for Tripping.
6:24 of 2nd period - Victor Olofsson wins face-off versus Paul Stastny in Oilers zone.
7:42 of 2nd period - Shot by Dmitry Orlov.
7:42 of 2nd period - Shot Misses the Net.
7:44 of 2nd period - Shot by Dmitry Orlov.
7:44 of 2nd period - Shot Blocked by Vladislav Gavrikov.
7:46 of 2nd period - Shot by Reilly Smith.
7:46 of 2nd period - Stopped by Jack Campbell without a rebound.
7:47 of 2nd period - Dylan Strome wins face-off versus Gustav Nyquist in Oilers zone.
8:00 of 2nd period - Shot by Brandon Hagel.
8:00 of 2nd period - Shot Blocked by Oliver Bjorkstrand.
8:02 of 2nd period - Shot by Dylan Strome.
8:02 of 2nd period - Stopped by Darcy Kuemper without a rebound.
8:03 of 2nd period - Nick Schmaltz wins face-off versus Dylan Strome in Jets zone.
8:18 of 2nd period - Shot by Reilly Smith.
8:18 of 2nd period - Shot Misses the Net.
8:20 of 2nd period - Shot by Nate Schmidt.
8:20 of 2nd period - Stopped by Jack Campbell with a rebound.
8:22 of 2nd period - Shot by Nick Schmaltz.
8:22 of 2nd period - Stopped by Jack Campbell with a rebound.
8:59 of 2nd period - Shot by Scott Mayfield.
8:59 of 2nd period - Stopped by Darcy Kuemper with a rebound.
9:08 of 2nd period - Ondrej Palat is hit by Connor Murphy and loses puck.
9:56 of 2nd period - Shot by Brock Boeser.
9:56 of 2nd period - Stopped by Darcy Kuemper with a rebound.
10:11 of 2nd period - Off-side.
10:12 of 2nd period - Casey Cizikas wins face-off versus Nick Schmaltz in neutral zone.
10:20 of 2nd period - Icing by Andre Burakovsky.
10:21 of 2nd period - Nick Schmaltz wins face-off versus Casey Cizikas in Jets zone.
10:29 of 2nd period - Nick Schmaltz is hit by Ryan Pulock and loses puck.
11:35 of 2nd period - Shot by Hampus Lindholm.
11:35 of 2nd period - Stopped by Jack Campbell without a rebound.
11:36 of 2nd period - Paul Stastny wins face-off versus Garnet Hathaway in Oilers zone.
11:47 of 2nd period - Mattias Samuelsson is hit by Garnet Hathaway and loses puck.
12:32 of 2nd period - Icing by Dmitry Orlov.
12:33 of 2nd period - Gustav Nyquist wins face-off versus Dylan Strome in Jets zone.
12:33 of 2nd period - Gustav Nyquist is hit by Brandon Hagel.
12:47 of 2nd period - Shot by Dylan Strome.
12:47 of 2nd period - Stopped by Darcy Kuemper without a rebound.
12:48 of 2nd period - Ryan Johansen wins face-off versus Nick Schmaltz in Jets zone.
12:49 of 2nd period - Shot by Cole Perfetti.
12:49 of 2nd period - Shot Misses the Net.
12:58 of 2nd period - Nick Schmaltz is hit by Troy Stecher and loses puck.
13:18 of 2nd period - Ryan Johansen is hit by Dmitry Orlov and loses puck.
14:29 of 2nd period - Off-side.
14:30 of 2nd period - Andreas Athanasiou wins face-off versus Paul Stastny in neutral zone.
14:30 of 2nd period - Andreas Athanasiou is hit by Jakub Voracek.
14:39 of 2nd period - Icing by Jamie Drysdale.
14:40 of 2nd period - Paul Stastny wins face-off versus Mark Jankowski in Oilers zone.
14:54 of 2nd period - Off-side.
14:55 of 2nd period - Ryan Johansen wins face-off versus Nick Schmaltz in neutral zone.
15:00 of 2nd period - Shot by Ryan Johansen.
15:00 of 2nd period - Stopped by Darcy Kuemper without a rebound.
15:01 of 2nd period - Dylan Strome wins face-off versus Reilly Smith in Jets zone.
15:16 of 2nd period - Shot by Hampus Lindholm.
15:16 of 2nd period - Shot Misses the Net.
15:18 of 2nd period - Shot by Dmitry Orlov.
15:18 of 2nd period - Shot Misses the Net.
15:41 of 2nd period - Gustav Nyquist is hit by Ryan Pulock and loses puck.
16:22 of 2nd period - Shot by Nick Schmaltz.
16:22 of 2nd period - Shot Misses the Net.
16:24 of 2nd period - Shot by Nick Schmaltz.
16:24 of 2nd period - Shot Misses the Net.
16:32 of 2nd period - Shot by Nick Schmaltz.
16:32 of 2nd period - Deflect By Oliver Bjorkstrand.
16:32 of 2nd period - Shot Blocked by Jamie Drysdale.
16:34 of 2nd period - Shot by Oliver Bjorkstrand.
16:34 of 2nd period - Shot Misses the Net.
17:00 of 2nd period - Shot by Casey Cizikas.
17:00 of 2nd period - Deflect By Josh Bailey.
17:00 of 2nd period - Goal by Josh Bailey - Jets : 1 - Oilers : 3.
17:01 of 2nd period - Mark Jankowski wins face-off versus Casey Cizikas in neutral zone.
17:01 of 2nd period - Dmitry Orlov is hit by Casey Cizikas and loses puck.
17:07 of 2nd period - Minor Penalty to Scott Mayfield for Diving.
17:08 of 2nd period - Paul Stastny wins face-off versus Gustav Nyquist in Oilers zone.
17:19 of 2nd period - Shot by Gustav Nyquist.
17:19 of 2nd period - Stopped by Jack Campbell without a rebound.
17:20 of 2nd period - Paul Stastny wins face-off versus Nick Schmaltz in Oilers zone.
17:26 of 2nd period - Icing by Hampus Lindholm.
17:27 of 2nd period - Paul Stastny wins face-off versus Nick Schmaltz in Jets zone.
17:27 of 2nd period - Jakob Silfverberg is hit by Hampus Lindholm and loses puck.
18:11 of 2nd period - Icing by Reilly Smith.
18:12 of 2nd period - Casey Cizikas wins face-off versus Reilly Smith in Jets zone.
18:12 of 2nd period - Casey Cizikas is hit by Torey Krug.
18:30 of 2nd period - Jamie Drysdale is hit by Victor Olofsson and loses puck.
18:39 of 2nd period - Shot by Nate Schmidt.
18:39 of 2nd period - Stopped by Jack Campbell without a rebound.
18:40 of 2nd period - Gustav Nyquist wins face-off versus Paul Stastny in Oilers zone.
19:43 of 2nd period - Shot by Thomas Novak.
19:43 of 2nd period - Shot Misses the Net.
19:52 of 2nd period - Brandon Hagel is hit by Garnet Hathaway and loses puck.
Goals for this period are 0 for Jets vs 1 for Oilers.
Shots for this period are 9 for Jets vs 8 for Oilers.

3rd period


0:01 of 3rd period - Nick Schmaltz wins face-off versus Cole Perfetti in neutral zone.
0:13 of 3rd period - Icing by Ryan Johansen.
0:14 of 3rd period - Ryan Johansen wins face-off versus Gustav Nyquist in Oilers zone.
0:14 of 3rd period - Ryan Johansen is hit by Gustav Nyquist.
1:47 of 3rd period - Shot by Nick Schmaltz.
1:47 of 3rd period - Goal by Nick Schmaltz - Jets : 2 - Oilers : 3.
1:48 of 3rd period - Mark Jankowski wins face-off versus Paul Stastny in neutral zone.
2:04 of 3rd period - Icing by Justin Barron.
2:05 of 3rd period - Mark Jankowski wins face-off versus Dylan Strome in Jets zone.
2:10 of 3rd period - Shot by Brock Boeser.
2:10 of 3rd period - Stopped by Darcy Kuemper with a rebound.
3:33 of 3rd period - Off-side.
3:34 of 3rd period - Gustav Nyquist wins face-off versus Casey Cizikas in neutral zone.
4:16 of 3rd period - Josh Bailey is hit by Torey Krug and loses puck.
4:55 of 3rd period - Nick Schmaltz is hit by Troy Stecher and loses puck.
5:04 of 3rd period - Shot by Nick Schmaltz.
5:04 of 3rd period - Stopped by Jack Campbell without a rebound.
5:05 of 3rd period - Ryan Johansen wins face-off versus Andreas Athanasiou in Oilers zone.
6:24 of 3rd period - Shot by Hampus Lindholm.
6:24 of 3rd period - Shot Hit the Post.
6:37 of 3rd period - Icing by Dmitry Orlov.
6:38 of 3rd period - Joe Veleno wins face-off versus Paul Stastny in Jets zone.
7:42 of 3rd period - Off-side.
7:43 of 3rd period - Reilly Smith wins face-off versus Casey Cizikas in neutral zone.
8:20 of 3rd period - Shot by Victor Olofsson.
8:20 of 3rd period - Deflect By Reilly Smith.
8:20 of 3rd period - Stopped by Jack Campbell with a rebound.
8:40 of 3rd period - Shot by Dylan Strome.
8:40 of 3rd period - Stopped by Darcy Kuemper without a rebound.
8:41 of 3rd period - Thomas Novak wins face-off versus Dylan Strome in Jets zone.
8:50 of 3rd period - Off-side.
8:51 of 3rd period - Nick Schmaltz wins face-off versus Paul Stastny in neutral zone.
9:26 of 3rd period - Shot by Nick Schmaltz.
9:26 of 3rd period - Shot Misses the Net.
9:28 of 3rd period - Shot by Oliver Bjorkstrand.
9:28 of 3rd period - Deflect By Andre Burakovsky.
9:28 of 3rd period - Shot Blocked by Ryan Pulock.
9:36 of 3rd period - Shot by Nick Schmaltz.
9:36 of 3rd period - Shot Misses the Net.
9:48 of 3rd period - Jakub Voracek is hit by Garnet Hathaway.
10:38 of 3rd period - Shot by Gustav Nyquist.
10:38 of 3rd period - Shot Blocked by Ryan Pulock.
10:53 of 3rd period - Shot by Gustav Nyquist.
10:53 of 3rd period - Stopped by Jack Campbell without a rebound.
10:54 of 3rd period - Dylan Strome wins face-off versus Mark Jankowski in Oilers zone.
10:54 of 3rd period - Dylan Strome is hit by Mark Jankowski.
10:57 of 3rd period - Icing by Brandon Hagel.
10:58 of 3rd period - Dylan Strome wins face-off versus Nick Schmaltz in Oilers zone.
11:16 of 3rd period - Icing by Jamie Drysdale.
11:17 of 3rd period - Dylan Strome wins face-off versus Gustav Nyquist in Oilers zone.
11:46 of 3rd period - Shot by Gustav Nyquist.
11:46 of 3rd period - Shot Hit the Post.
11:57 of 3rd period - Victor Olofsson is hit by Mattias Samuelsson and loses puck.
12:27 of 3rd period - Icing by Scott Mayfield.
12:28 of 3rd period - Ryan Johansen wins face-off versus Andreas Athanasiou in Oilers zone.
12:34 of 3rd period - Minor Penalty to Justin Barron for Boarding.
12:35 of 3rd period - Gustav Nyquist wins face-off versus Ondrej Palat in Jets zone.
13:26 of 3rd period - Shot by Andreas Athanasiou.
13:26 of 3rd period - Shot Hit the Post.
13:28 of 3rd period - Shot by Torey Krug.
13:28 of 3rd period - Shot Blocked by Jamie Drysdale.
13:30 of 3rd period - Shot by Torey Krug.
13:30 of 3rd period - Stopped by Jack Campbell without a rebound.
13:31 of 3rd period - Gustav Nyquist wins face-off versus Ryan Johansen in Oilers zone.
14:38 of 3rd period - Shot by Jakob Silfverberg.
14:38 of 3rd period - Stopped by Darcy Kuemper without a rebound.
14:39 of 3rd period - Nick Schmaltz wins face-off versus Paul Stastny in Jets zone.
14:41 of 3rd period - Icing by Andre Burakovsky.
14:42 of 3rd period - Nick Schmaltz wins face-off versus Paul Stastny in Jets zone.
15:15 of 3rd period - Shot by Nick Schmaltz.
15:15 of 3rd period - Stopped by Jack Campbell without a rebound.
15:16 of 3rd period - Andreas Athanasiou wins face-off versus Ryan Johansen in Oilers zone.
15:16 of 3rd period - Hampus Lindholm is hit by Mattias Samuelsson and loses puck.
15:58 of 3rd period - Shot by Ryan Johansen.
15:58 of 3rd period - Stopped by Darcy Kuemper with a rebound.
17:28 of 3rd period - Andreas Athanasiou is hit by Casey Cizikas and loses puck.
17:53 of 3rd period - Shot by Gustav Nyquist.
17:53 of 3rd period - Stopped by Jack Campbell without a rebound.
17:54 of 3rd period - Paul Stastny wins face-off versus Nick Schmaltz in Oilers zone.
18:07 of 3rd period - Shot by Paul Stastny.
18:07 of 3rd period - Shot Misses the Net.
18:09 of 3rd period - Shot by Jakob Silfverberg.
18:09 of 3rd period - Deflect By Jakub Voracek.
18:09 of 3rd period - Shot Hit the Post.
18:19 of 3rd period - Shot by Jakub Voracek.
18:19 of 3rd period - Shot Misses the Net.
18:21 of 3rd period - Shot by Jakub Voracek.
18:21 of 3rd period - Shot Blocked by Nate Schmidt.
18:31 of 3rd period - Shot by Jakub Voracek.
18:31 of 3rd period - Stopped by Darcy Kuemper without a rebound.
18:32 of 3rd period - Cole Perfetti wins face-off versus Gustav Nyquist in Jets zone.
18:33 of 3rd period - Shot by Ondrej Palat.
18:33 of 3rd period - Shot Misses the Net.
18:35 of 3rd period - Shot by Scott Mayfield.
18:35 of 3rd period - Shot Misses the Net.
18:51 of 3rd period - Shot by Ryan Johansen.
18:51 of 3rd period - Stopped by Darcy Kuemper without a rebound.
18:52 of 3rd period - Mark Jankowski wins face-off versus Casey Cizikas in Jets zone.
19:01 of 3rd period - Jets, Darcy Kuemper is pulled from the net.
19:14 of 3rd period - Shot by Joe Veleno.
19:14 of 3rd period - Deflect By Mark Jankowski.
19:14 of 3rd period - Stopped by Jack Campbell without a rebound.
19:15 of 3rd period - Casey Cizikas wins face-off versus Nick Schmaltz in Oilers zone.
19:30 of 3rd period - Shot by Torey Krug.
19:30 of 3rd period - Shot Misses the Net.
19:55 of 3rd period - Shot by Nick Schmaltz.
19:55 of 3rd period - Deflect By Reilly Smith.
19:55 of 3rd period - Shot Misses the Net.
Goals for this period are 1 for Jets vs 0 for Oilers.
Shots for this period are 8 for Jets vs 6 for Oilers.